Map: Dusk Towers

Players

xKawaiian

  • Race: Terran Terran
  • League: Master

Black - Winner!

  • Race: Zerg Zerg
  • League: Master

VOD

Have the link to the VOD?

Description

Time

  • Played on: Jan. 15, 2016, 5:07 p.m.
  • Length: 14:38
Show
View Real Time Build Order
Export as new Build Order

xKawaiian Terran 

Build Orders: Reaper Expand, MMM Bio 

Get SALT Encoding   

  12  0:01  SCV  
  13  0:13  SCV  
  14  0:17  Supply Depot  
  14  0:25  SCV  
  15  0:39  SCV  
  15  0:41  Barracks  
  16  0:46  Refinery  
  16  0:51  SCV  
  17  1:03  SCV  
  18  1:15  SCV  
  19  1:29  Orbital Command  
  19  1:30  Reaper  
  20  1:40  Command Center  
  20  1:51  Supply Depot  
  20  1:55  SCV  
  21  2:02  Barracks Reactor  
  21  2:07  SCV  
  21  2:08  Barracks  
  22  2:18  Barracks  
  22  2:19  SCV  
  23  2:31  SCV  
  24  2:42  Marine x2  
  24  2:43  SCV  
  27  2:53  Orbital Command  
  27  2:55  SCV  
  27  2:56  Barracks Tech Lab  
  28  2:59  Marine  
  28  3:00  Marine  
  28  3:04  Marine  
  31  3:07  SCV  
  31  3:09  Factory, Refinery  
  32  3:17  Marine x2  
  35  3:20  SCV  
  35  3:21  SCV  
  35  3:22  Marine  
  35  3:25  Stimpack  
  36  3:29  Marine  
  36  3:32  SCV  
  38  3:35  SCV  
  38  3:40  Marine x3  
  42  3:41  Supply Depot  
  42  3:47  SCV, Marine  
  44  3:48  SCV  
  45  3:56  Starport, Factory Reactor  
  45  3:58  Marine  
  46  4:03  SCV  
  46  4:04  Supply Depot  
  46  4:05  Supply Depot  
  46  4:07  SCV  
  46  4:09  Marine  
  48  4:12  Marine  
  48  4:14  Marine  
  48  4:15  SCV  
  48  4:16  Marine  
  53  4:19  SCV  
  54  4:25  Supply Depot  
  54  4:27  SCV, Marine  
  54  4:29  Marine  
  54  4:31  SCV  
  58  4:38  Medivac  
  58  4:39  Medivac  
  58  4:40  SCV  
  58  4:41  Marine  
  58  4:44  SCV  
  66  4:49  Command Center  
  66  4:52  Marine  
  66  4:53  SCV  
  66  4:58  SCV  
  66  4:59  Marine  
  69  5:00  Marine  
  69  5:05  Engineering Bay  
  71  5:08  Engineering Bay  
  71  5:10  Marine  
  72  5:17  Barracks Reactor, Factory Reactor, Marine  
  72  5:18  SCV, Marine  
  72  5:20  Factory Tech Lab, Refinery  
  72  5:21  Refinery  
  74  5:22  SCV  
  74  5:24  Medivac  
  77  5:30  SCV  
  77  5:33  Combat Shields, Barracks  
  77  5:35  Barracks  
  78  5:42  Supply Depot  
  78  5:58  SCV x2, Marine  
  78  5:59  Marine  
  78  6:01  Hellion  
  78  6:03  Medivac  
  80  6:07  Marine x2  
  80  6:08  Terran Infantry Weapons Level 1, Terran Infantry Armor Level 1  
  80  6:11  SCV  
  83  6:22  Medivac  
  83  6:23  SCV  
  83  6:24  Orbital Command  
  83  6:25  Barracks Reactor x2  
  87  6:28  SCV  
  85  6:36  Medivac  
  84  6:40  Siege Tank, Marine x3  
  84  6:41  Marine x2  
  84  6:46  SCV x2  
  90  6:50  Supply Depot  
  90  6:51  Supply Depot  
  90  6:52  Orbital Command  
  90  6:58  Barracks, Marine x3  
  90  6:59  Marine  
  90  7:00  Barracks  
  90  7:01  Marine  
  94  7:02  Armory  
  94  7:03  SCV x2  
  92  7:13  Marine x2  
  92  7:15  SCV  
  86  7:16  SCV, Medivac x2  
  86  7:21  SCV  
  92  7:27  SCV  
  92  7:29  Marine x2  
  95  7:30  Marine x2  
  95  7:31  Concussive Shells  
  97  7:37  Marine x3  
  97  7:39  Siege Tank  
  97  7:41  Marine x2  
  97  7:43  SCV  
  106  7:45  SCV x2  
  106  7:49  Supply Depot  
  108  7:55  SCV  
  108  7:56  Supply Depot  
  105  8:00  Marine  
  95  8:07  Barracks Reactor, Marine x2  
  95  8:08  Barracks Reactor  
  95  8:09  SCV  
  95  8:11  Siege Tank, Missile Turret x2  
  101  8:13  Missile Turret  
  101  8:14  SCV  
  101  8:17  Marine x3  
  101  8:18  Medivac x2  
  109  8:21  SCV  
  109  8:24  Command Center  
  108  8:32  SCV, Terran Infantry Weapons Level 2  
  107  8:38  SCV x2, Marine x2  
  109  8:43  Siege Tank  
  109  8:44  SCV  
  109  8:45  Supply Depot  
  109  8:47  Supply Depot x2  
  113  8:53  SCV  
  113  8:54  SCV, Marine x2  
  117  8:57  Barracks  
  117  8:58  Barracks  
  117  9:01  Supply Depot x2  
  117  9:03  Medivac  
  117  9:06  SCV  
  117  9:08  Refinery  
  120  9:10  Refinery  
  120  9:14  Marine x2  
  120  9:15  Siege Tank, Marine x4  
  129  9:22  Marine  
  129  9:23  Marine x3  
  133  9:24  Terran Vehicle Weapons Level 1  
  133  9:38  Marine x2  
  101  9:41  SCV  
  104  9:47  Barracks Reactor, Barracks Tech Lab, Factory, Siege Tank  
  104  9:48  Fusion Core  
  104  9:49  Starport  
  104  9:50  Marauder, Marine x2  
  111  10:03  Missile Turret  
  111  10:04  Marine  
  111  10:06  Missile Turret  
  102  10:08  Marine  
  102  10:09  Marine x11  
  102  10:11  Marine  
  105  10:17  SCV x2  
  102  10:22  Marine  
  102  10:24  Missile Turret x2  
  102  10:26  Marine  
  102  10:27  Missile Turret  
  104  10:32  Marine x2  
  104  10:33  Marine x2  
  104  10:34  Medivac  
  111  10:35  SCV  
  111  10:40  Marine x4  
  111  10:41  SCV  
  111  10:42  SCV, Starport Tech Lab  
  117  11:02  Missile Turret, Marine x2  
  117  11:03  Marine x4  
  121  11:09  Advanced Ballistics  
  121  11:13  Planetary Fortress, Factory Tech Lab  
  120  11:19  SCV x3  
  120  11:23  Marauder, Marine x2  
  120  11:25  Medivac  
  129  11:30  Marine x2  
  129  11:31  SCV x3  
  129  11:36  Marine  
  129  11:38  Marine x3  
  127  11:41  Thor  
  127  11:43  SCV x3  
  127  11:45  Marine x3  
  139  11:52  Terran Infantry Weapons Level 3  
  137  11:55  SCV  
  124  12:04  Thor  
  124  12:05  Medivac  
  124  12:06  Medivac  
  124  12:07  Marine  
  113  12:17  Marine x3  
  113  12:18  Marine  
  113  12:19  Marine  
  113  12:20  Command Center  
  118  12:24  Thor, Marauder, Marine x3  
  124  12:34  Marine x3  
  102  12:45  Marine  
  102  12:46  Marine x3  
  102  12:47  Medivac, Marine  
  102  12:49  SCV x2  
  111  12:54  Marine x2  
  113  12:59  Marine x4  
  113  13:00  Marine x2  
  113  13:04  Marine x2  
  121  13:08  Marine  
  121  13:11  Marine x2  
  123  13:22  Marine x2  
  123  13:26  Marauder, Marine x4  
  123  13:27  Marauder  
  132  13:29  Supply Depot, Marine x2  
  132  13:31  Liberator x2  
  132  13:33  Liberator  
  134  13:36  Marine x4  
  138  13:42  Marine x2  
  138  13:45  Missile Turret x2  
  146  13:53  Marine  
  146  13:54  Marauder  
  149  14:03  Missile Turret  
  149  14:05  Supply Depot  
  149  14:06  Missile Turret  
  149  14:07  Starport  
  149  14:08  Missile Turret, Marine  
  150  14:15  SCV  
  128  14:35  Missile Turret x2  
Show
View Real Time Build Order
Export as new Build Order

Black Zerg - Winner!

Build Orders: Hatch First, Muta Ling Bane 

Get SALT Encoding   

  12  0:01  Drone  
  13  0:12  Overlord  
  13  0:17  Drone  
  14  0:30  Drone x2  
  14  0:34  Drone  
  17  0:51  Hatchery  
  17  0:54  Drone  
  17  0:56  Extractor  
  16  0:59  Drone  
  17  1:13  Spawning Pool  
  17  1:18  Drone  
  17  1:19  Drone  
  18  1:28  Drone  
  19  1:39  Overlord  
  19  1:59  Metabolic Boost, Queen  
  19  2:00  Zergling x4  
  23  2:04  Queen  
  23  2:08  Drone  
  26  2:11  Drone  
  28  2:15  Drone  
  28  2:21  Drone  
  29  2:28  Drone  
  30  2:32  Drone  
  30  2:35  Drone, Queen  
  33  2:43  Drone  
  34  2:46  Drone  
  35  3:04  Drone, Extractor  
  35  3:07  Overlord  
  35  3:08  Overlord  
  35  3:16  Hatchery  
  35  3:27  Drone x4  
  36  3:28  Drone x3  
  36  3:30  Extractor  
  41  3:37  Overlord x2  
  41  3:46  Drone  
  41  3:47  Drone  
  43  3:52  Spore Crawler  
  43  3:55  Spore Crawler  
  41  3:59  Drone  
  41  4:00  Drone  
  41  4:01  Drone x5  
  48  4:10  Overlord  
  48  4:11  Overlord  
  48  4:15  Drone  
  49  4:22  Drone  
  49  4:23  Lair  
  50  4:24  Baneling Nest  
  49  4:32  Overlord x2  
  49  4:36  Drone  
  49  4:37  Drone x5  
  55  4:44  Spore Crawler  
  55  4:45  Drone  
  55  4:46  Drone  
  56  4:56  Overlord x2  
  56  4:57  Hatchery  
  56  4:58  Drone x2  
  57  5:10  Drone x3  
  57  5:13  Extractor  
  59  5:17  Extractor  
  59  5:18  Drone x3  
  59  5:19  Zergling x2  
  59  5:20  Zergling x12  
  68  5:26  Centrifical Hooks  
  68  5:28  Spire  
  67  5:30  Drone x2  
  67  5:31  Evolution Chamber  
  67  5:32  Zergling x4  
  67  5:34  Evolution Chamber  
  69  5:42  Drone x2, Extractor  
  70  5:43  Extractor  
  69  5:54  Drone x3  
  69  5:55  Drone x2  
  74  5:57  Zergling x2  
  74  5:58  Zergling x8  
  75  6:04  Zergling x2  
  75  6:05  Zergling x2  
  75  6:08  Queen, Zergling x2  
  77  6:13  Zergling x6  
  71  6:19  Zergling x4  
  71  6:24  Zergling x2  
  71  6:25  Zergling x14  
  69  6:28  Zergling x6  
  71  6:34  Queen x2  
  71  6:35  Queen  
  75  6:40  Zerg Ground Armor Level 1, Zerg Melee Weapons Level 1  
  74  6:53  Mutalisk x5  
  84  6:57  Drone  
  84  6:58  Drone x3  
  88  7:02  Drone x2  
  88  7:04  Drone  
  88  7:05  Drone  
  87  7:10  Mutalisk  
  87  7:13  Mutalisk  
  87  7:14  Mutalisk  
  88  7:17  Zergling x2  
  88  7:19  Mutalisk  
  90  7:31  Mutalisk x2  
  90  7:32  Mutalisk  
  90  7:34  Zergling x2  
  90  7:35  Zergling x6  
  100  7:41  Baneling x7  
  100  7:42  Baneling  
  100  7:43  Zergling x4  
  97  7:59  Mutalisk x2  
  97  8:00  Mutalisk  
  95  8:08  Mutalisk  
  95  8:11  Zergling x24  
  95  8:12  Zergling x2  
  108  8:13  Baneling x2  
  108  8:14  Baneling  
  108  8:21  Zergling x2  
  108  8:22  Zergling x6  
  110  8:37  Mutalisk x2  
  112  8:41  Overlord x3  
  112  8:42  Overlord x2  
  112  8:58  Hatchery, Zerg Ground Armor Level 2  
  112  9:01  Zerg Melee Weapons Level 2  
  111  9:04  Baneling x2  
  111  9:05  Baneling x3  
  111  9:06  Baneling x2  
  111  9:09  Baneling x2  
  111  9:10  Baneling x3  
  111  9:16  Baneling  
  111  9:17  Baneling x5  
  112  9:25  Hatchery  
  112  9:26  Mutalisk  
  112  9:27  Mutalisk  
  100  9:40  Drone  
  100  9:41  Drone x10  
  111  9:46  Overseer  
  111  9:49  Drone x3  
  111  9:51  Mutalisk  
  111  9:52  Infestation Pit  
  115  9:53  Zergling x2  
  115  9:54  Zergling x4  
  111  10:14  Mutalisk x4  
  106  10:17  Zergling x12  
  106  10:18  Zergling x4  
  119  10:36  Hive  
  119  10:38  Zergling x22  
  130  10:42  Baneling  
  130  10:43  Baneling x2  
  130  10:52  Mutalisk  
  130  10:53  Mutalisk x2  
  134  11:01  Extractor  
  134  11:03  Baneling x4  
  129  11:04  Zergling x2  
  129  11:05  Zergling x16  
  129  11:06  Extractor  
  129  11:09  Baneling  
  129  11:10  Baneling x7  
  129  11:11  Baneling  
  127  11:40  Baneling  
  127  11:41  Zergling x2, Baneling x9  
  127  11:42  Zergling x42  
  136  12:05  Ultralisk Cavern  
  136  12:06  Adrenal Glands  
  128  12:11  Zergling x2  
  128  12:12  Zergling x22  
  128  12:13  Zergling x2  
  128  12:14  Zergling x2  
  142  12:25  Overseer  
  104  12:50  Zergling x2  
  104  12:51  Zergling x42  
  110  12:58  Chitinous Plating  
  121  13:05  Ultralisk  
  127  13:12  Ultralisk  
  133  13:16  Pathogen Glands  
  131  13:27  Ultralisk  
  137  13:40  Hatchery  
  137  13:41  Infestor x3  
  135  13:45  Infestor  
  143  13:52  Baneling x9  
  143  13:54  Baneling  
  143  13:55  Baneling  
  143  13:59  Baneling x6  
  143  14:00  Baneling  
  143  14:01  Baneling x2  
  143  14:02  Baneling  
  143  14:11  Baneling  
  143  14:12  Baneling x7  
  143  14:19  Spine Crawler  
  143  14:21  Spine Crawler  
  143  14:24  Spine Crawler  
Tags
 
Add a new tag
Caveats
  • Supply blocks, unpowered buildings, or Contaminate may cause inaccurate times.
  • Supply counts are checked every 10 seconds.